 Dungeon Crawl Stone Soup version 0.22-a0-609-gfedc9ff (webtiles) character file.

4 Amnesiac the Caller (level 1, -2/11 HPs)
             Began as a Deep Elf Summoner on July 10, 2018.
             Slain by a leopard gecko (5 damage)
             ... on level 1 of the Dungeon.
             The game lasted 00:01:28 (270 turns).

Amnesiac the Caller (Deep Elf Summoner)              Turns: 270, Time: 00:01:29

Health: -2/11      AC:  2    Str:  5    XL:     1   Next: 50%
Magic:  5/6        EV: 13    Int: 19    God:
Gold:   33         SH:  0    Dex: 15    Spells: 5/6 levels left

rFire    . . .     SeeInvis .   a - +0 dagger
rCold    . . .     Gourm    .   (no shield)
rNeg     . . .     Faith    .   h - +0 robe
rPois    .         Spirit   .   (no helmet)
rElec    .         Reflect  .   (no cloak)
rCorr    .         Harm     .   (no gloves)
MR       .....                  (no boots)
Stlth    ++........             (no amulet)
HPRegen  0.03/turn              (no ring)
MPRegen  0.10/turn              (no ring)

@: no status effects
A: no striking features
a: no special abilities


You were on level 1 of the Dungeon.
You were not hungry.

You visited 1 branch of the dungeon, and saw 1 of its levels.

You collected 33 gold pieces.

Inventory:

Hand Weapons
 a - a +0 dagger (weapon)
 b - a +0 hunting sling
Armour
 h - a +0 robe (worn)
Scrolls
 f - a scroll of blinking {!r, unknown}
Potions
 e - a potion of degeneration {!q, unknown}
 g - 2 potions of mutation {!q, unknown}
Comestibles
 c - a ration


   Skills:
 + Level 0.8 Fighting
 - Level 2.4 Dodging
 - Level 2.4 Stealth
 - Level 3.0 Spellcasting
 - Level 4.3 Summonings


You had 5 spell levels left.
You knew the following spells:

 Your Spells              Type           Power        Failure   Level  Hunger
a - Summon Small Mammal   Summ           ###.         2%          1    None

Your spell library contained the following spells:

 Spells                   Type           Power        Failure   Level  Hunger
 Summon Ice Beast         Ice/Summ       ##......     52%         4    ####...
 Call Imp                 Summ           ###.....     3%          2    ##.....
 Call Canine Familiar     Summ           ###.....     8%          3    ###....
 Summon Lightning Spire   Summ/Air       ##......     52%         4    ####...
 Summon Guardian Golem    Hex/Summ       ##......     19%         3    ###....


Dungeon Overview and Level Annotations

Branches:
Dungeon (1/15)

Altars:


Message History

A frilled lizard comes into view.
Found 16 gold pieces.
A frilled lizard is nearby!
A frilled lizard is nearby!
A leopard gecko comes into view.
Found 3 gold pieces.
A goblin comes into view. It is wielding a dagger.
The frilled lizard closely misses you.
You barely miss the frilled lizard. The frilled lizard closely misses you.
You barely miss the frilled lizard.
The frilled lizard bites you but does no damage.
You miss the frilled lizard. The frilled lizard barely misses you.
The goblin misses you.
You miss the frilled lizard. The frilled lizard closely misses you.
You closely miss the frilled lizard.
The frilled lizard bites you but does no damage.
You hit the frilled lizard.
You kill the frilled lizard!
You hit the goblin.
The goblin is severely wounded.
The goblin hits you with a dagger. The goblin misses you.
You hit the goblin.
You kill the goblin!
Things that are here:
a dagger; a goblin corpse; a frilled lizard corpse
i - a dagger Wield which item (- for none, * to show all)? (? for menu, Esc to quit)
i - a +0 dagger (weapon)
Adjust (i)tems, (s)pells, or (a)bilities?
Adjust which item? (? for menu, Esc to quit)
i - a +0 dagger (weapon)
Adjust to which letter? (? for menu, Esc to quit)
a - a +0 dagger (weapon);
i - a +0 short sword Drop what? 9/52 slots (_ for help) (? for menu, Esc to quit)
You drop a +0 short sword.
A leopard gecko is nearby!
A leopard gecko is nearby!
You miss the leopard gecko. The leopard gecko bites you.
All of the chunks of flesh in your inventory have rotted away.
You hit the leopard gecko.
The leopard gecko is moderately wounded.
The leopard gecko misses you.
You hit the leopard gecko.
The leopard gecko is severely wounded.
The leopard gecko barely misses you.
You miss the leopard gecko.
The leopard gecko is severely wounded.
The leopard gecko bites you.
* * * LOW HITPOINT WARNING * * *
You are too injured to fight recklessly!
You are too injured to fight recklessly!
Casting: Summon Small Mammal (safe; 2% risk of failure)
Confirm with . or Enter, or press ? or * to list all spells.
The leopard gecko completely misses you.
The leopard gecko misses you.
Unknown command.
You barely miss the leopard gecko.
The leopard gecko is severely wounded.
The leopard gecko barely misses you.
Unknown command.
You hit the leopard gecko but do no damage.
The leopard gecko is severely wounded.
The leopard gecko bites you.
You die...

#### .... ..... .
..... .. ......
#######... #.
......##......... ##.
......r..$....... ..
.......l........# .
.###....@.####+######
+...$....).......#
#........##.####..# ##
#........##.# #...# #.
#........##.# #...###.
#........##.# ...+...
##....$..##.# ..#.#.
.........##.#####.#...
#........##....##.#.#.


You could see a leopard gecko and a friendly rat.

Vanquished Creatures
  A goblin (D:1)
  A frilled lizard (D:1)
2 creatures vanquished.

Vanquished Creatures (collateral kills)
  A dart slug (D:1)
  A hobgoblin (D:1)
2 creatures vanquished.

Grand Total: 4 creatures vanquished

Notes
Turn   | Place    | Note
-------+----------+-------------------------------------------
     0 | D:1      | Amnesiac the Deep Elf Summoner began the quest for the Orb.
     0 | D:1      | Reached XP level 1. HP: 10/10 MP: 6/6
   270 | D:1      | Slain by a leopard gecko

Vault maps used:
D:1:      roderic_chinese_lattice_arrival

Action                   || total
-------------------------++-------
Melee: Short sword       ||     8
       Dagger            ||     6
       Unarmed           ||     2
 Cast: Summon Small Mamm ||     6
Armor: Robe              ||     2
Dodge: Dodged            ||    14

Table legend:
 A = Spawn XP
 B = Non-spawn XP
 C = Spawn XP percentage of total XP
 D = Spawn monster count
 E = Non-spawn monster count
 F = Spawn count percentage of total count
 G = Total turns spent on level
                    A         B        C        D         E        F      G
               +---------+---------+-------+---------+---------+-------+---------
         Total |       0 |       6 |   0.0 |       0 |       4 |   0.0 |   270
               +---------+---------+-------+---------+---------+-------+---------
           D:1 |       0 |       6 |   0.0 |       0 |       4 |   0.0 |   270
               +---------+---------+-------+---------+---------+-------+---------
